 Dungeon Crawl Stone Soup version 0.26.1-11-gd32895ea62 (webtiles) character file.

Game seed: 1443093015422629148

1647 Almogavar the Magician (level 9, 0/48 HPs)
             Began as a Tengu Hedge Wizard on June 20, 2021.
             Was a Believer of Nemelex Xobeh.
             Slain by a sky beast (4 damage)
             ... on level 7 of the Dungeon.
             The game lasted 00:33:53 (9255 turns).

Almogavar the Magician (Tengu Hedge Wizard)         Turns: 9255, Time: 00:33:54

Health: 0/48       AC:  2    Str: 13    XL:     9   Next: 0%
Magic:  0/29       EV: 14    Int: 16    God:    Nemelex Xobeh [**....]
Gold:   445        SH:  0    Dex: 13    Spells: 19/22 levels left

rFire    . . .     SeeInvis .   F - +2 short sword (freeze)
rCold    . . .     Faith    .   (no shield)
rNeg     . . .     Spirit   +   b - +0 robe
rPois    .         Reflect  .   c - +0 hat
rElec    .         Harm     .   (no cloak)
rCorr    .         Rampage  .   (no gloves)
Will     .....                  (boots unavailable)
Stlth    +++.......             z - amulet of guardian spirit
HPRegen  0.16/turn              p - ring of magical power
MPRegen  0.21/turn              D - +4 ring of slaying

@: no status effects
A: beak, talons 3, able to fly
a: Fly, Renounce Religion, Draw Escape, Draw Destruction, Draw Summoning


You were on level 7 of the Dungeon.
You worshipped Nemelex Xobeh.
Nemelex Xobeh was pleased with you.
You visited 2 branches of the dungeon, and saw 8 of its levels.

You collected 445 gold pieces.

Inventory:

Hand Weapons
 g - a cursed +0 dagger
 F - a +2 short sword of freezing (weapon)
Armour
 b - a +0 robe (worn)
 c - a +0 hat (worn)
 l - a +0 ring mail
 r - a +2 ring mail of willpower
 t - a +0 leather armour
Jewellery
 p - a ring of magical power (left hand)
 v - an uncursed ring of positive energy
 z - an amulet of guardian spirit (around neck)
 A - an uncursed ring of poison resistance
 D - a +4 ring of slaying (right hand)
Wands
 E - a wand of polymorph (8)
Scrolls
 a - 8 scrolls of remove curse
 e - 3 scrolls of teleportation
 h - a scroll of brand weapon {unknown}
 i - 2 scrolls of enchant armour {unknown}
 o - 3 scrolls of enchant weapon {unknown}
 s - a scroll of fear {unknown}
 w - 2 scrolls of fog {unknown}
 y - a scroll of random uselessness {unknown}
 B - a scroll of blinking {unknown}
Potions
 d - 3 potions of might
 f - a potion of heal wounds
 j - a potion of invisibility
 k - a potion of cancellation {unknown}
 m - a potion of brilliance {unknown}
 n - a potion of flight {unknown}
 q - 2 potions of curing
 u - a potion of degeneration {unknown}
 x - a potion of resistance {unknown}
 C - a potion of ambrosia


   Skills:
 + Level 1.9 Fighting
 + Level 4.2 Dodging
 + Level 5.1 Stealth
 + Level 7.2 Spellcasting
 + Level 4.9 Conjurations
 + Level 5.6 Summonings
 + Level 0.7 Translocations


You had 19 spell levels left.
You knew the following spells:

 Your Spells              Type           Power        Failure   Level
a - Magic Dart            Conj           84%          1%          1
b - Call Imp              Summ           23%          1%          2

Your spell library contained the following spells:

 Spells                   Type           Power        Failure   Level
 Summon Small Mammal      Summ           92%          1%          1
 Apportation              Tloc           16%          9%          1
 Animate Skeleton         Necr           10%          12%         1
 Corona                   Hex            5%           12%         1
 Conjure Flame            Conj/Fire      13%          13%         3
 Blink                    Tloc           N/A          14%         2
 Slow                     Hex            5%           19%         2
 Mephitic Cloud           Conj/Pois/Air  11%          19%         3
 Irradiate                Conj/Tmut      6%           77%         5
 Hydra Form               Tmut           2%           100%        6
 Statue Form              Tmut/Erth      3%           100%        6
 Dragon Form              Tmut           2%           100%        7


Dungeon Overview and Level Annotations

Branches:
Dungeon (7/15)             Temple (1/1) D:4

Altars:
Cheibriados
Dithmenos
Elyvilon
Fedhas
Gozag
Hepliaklqana
Makhleb
Nemelex Xobeh
Okawaru
Qazlal
Ru
Sif Muna
Trog
Uskayaw
Vehumet
Wu Jian
Xom
Yredelemnul
The Shining One


Innate Abilities, Weirdness & Mutations

You have a beak for a mouth.
You have claws for feet.
You can fly continuously.


Message History

The orc warrior hits your crimson imp with a +0 war axe.
Your crimson imp closely misses something.
Something hits you.
* * * LOW HITPOINT WARNING * * *
Something shocks you.
* * * LOW HITPOINT WARNING * * *
Your crimson imp hits the orc warrior but does no damage.
Your crimson imp misses something.
A sky beast appears from thin air!
Reactivating autopickup.
The orc wizard hits your crimson imp but does no damage.
Casting: Magic Dart (safe; 1% risk of failure)
Confirm with . or Enter, or press ? or * to list all spells.
A beastly little devil appears in a puff of flame.
Your crimson imp blinks!
The orc hits your crimson imp with a +0 mace.
Your crimson imp hits the adder.
The sky beast hits you.
* * * LOW HITPOINT WARNING * * *
The sky beast shocks you.
You die...
Your body disappears without a glow.

......# #.............
.....# ##.............
.....# ##.............#
.....####.............#
...!...#......oo...#
..............5ยง.### .
.........#+#..#So# ## .##
.....)...+ +..##Y##.##..#
....>....#+#....@........
#............#...5.......
#.....##......#..).......
#.##.##..#....#..........
.. #.##..###.......#..##.
.. #..#..##...##..##...#
. #..##..#..# #......####
##.#..#...#..#
#...>..#..# #...........#
##........#


You could see an orc warrior, a sky beast, an orc wizard, an adder, an orc and 2
friendly crimson imps.

Vanquished Creatures
  Menkaure (D:6)
  2 sky beasts
  An ogre (D:4)
  A black bear (D:6)
  A phantom (D:4)
  A centaur (D:6)
  3 bullfrogs
  4 hounds
  A bullfrog zombie (D:6)
  2 jellies
  3 orc wizards
  2 iguanas (D:5)
  2 worker ants (D:6)
  A hound skeleton (D:4)
  6 adders
  2 shadow imps
  3 white imps
  An ufetubus (D:5)
  2 adder skeletons
  A worm (D:2)
  A dart slug (D:1)
  5 leopard geckos
  13 orcs
  A ball python (D:1)
  4 giant cockroaches
  3 goblins
  9 hobgoblins
  3 jackals
  4 quokkas
  2 bats (D:3)
  5 frilled lizards
  6 kobolds
  A leopard gecko zombie (D:5)
  7 rats
104 creatures vanquished.

Vanquished Creatures (collateral kills)
  2 ogres
  6 orc wizards
  4 orc priests
  A hound (D:4)
  A bullfrog skeleton (D:7)
  A worker ant (D:4)
  A white imp (D:5)
  A leopard gecko (D:1)
  9 orcs
  A goblin (D:1)
  A hobgoblin (D:1)
  3 jackals (D:6)
31 creatures vanquished.

Grand Total: 135 creatures vanquished

Notes
Turn   | Place    | Note
-------+----------+-------------------------------------------
     0 | D:1      | Almogavar the Tengu Hedge Wizard began the quest for the
                  | Orb.
     0 | D:1      | Reached XP level 1. HP: 10/10 MP: 5/5
   248 | D:1      | Reached XP level 2. HP: 6/15 MP: 2/7
   418 | D:1      | Learned a level 2 spell: Call Imp
  1134 | D:1      | Reached XP level 3. HP: 19/19 MP: 2/9
  3176 | D:3      | Reached XP level 4. HP: 24/24 MP: 10/10
  3185 | D:3      | Reached skill level 4 in Spellcasting
  3715 | D:3      | Found a white marble altar of Elyvilon.
  3772 | D:3      | Gained mutation: You can fly continuously. [Tengu growth]
  3772 | D:3      | Reached XP level 5. HP: 28/28 MP: 12/12
  3971 | D:3      | Found a hide-covered altar of Uskayaw.
  4316 | D:4      | Noticed an ogre
  4347 | D:4      | Killed an ogre
  4668 | D:4      | Reached XP level 6. HP: 32/32 MP: 14/14
  4696 | D:4      | Found a bloodstained altar of Trog.
  4816 | D:4      | Noticed a phantom
  4857 | D:4      | Killed a phantom
  4858 | D:4      | Reached skill level 5 in Spellcasting
  5496 | D:4      | Found a staircase to the Ecumenical Temple.
  5506 | Temple   | Entered the Ecumenical Temple
  5689 | Temple   | Became a worshipper of Nemelex Xobeh the Trickster
  5879 | D:5      | Entered Level 5 of the Dungeon
  5900 | D:5      | Reached XP level 7. HP: 4/37 MP: 2/15
  6671 | D:5      | Found a sacrificial altar of Ru.
  6809 | D:5      | Reached * piety under Nemelex Xobeh
  7012 | D:5      | Found a white marble altar of Elyvilon.
  7178 | D:6      | Noticed Menkaure
  7193 | D:6      | Killed Menkaure
  7194 | D:6      | Reached skill level 1 in Fighting
  7194 | D:6      | Reached XP level 8. HP: 40/43 MP: 17/17
  7212 | D:6      | Reached skill level 6 in Spellcasting
  7536 | D:6      | Received a gift from Nemelex Xobeh
  8283 | D:6      | Reached skill level 5 in Summonings
  8606 | D:6      | Reached skill level 5 in Stealth
  9023 | D:7      | Reached ** piety under Nemelex Xobeh
  9036 | D:7      | Reached skill level 7 in Spellcasting
  9186 | D:7      | Received a gift from Nemelex Xobeh
  9241 | D:7      | Reached XP level 9. HP: 48/48 MP: 19/20
  9255 | D:7      | Slain by a sky beast

Illustrated notes

Levels and vault maps discovered:
D:1:      dpeg_arrival_boxes_within_box, layout_basic, minmay_indecisive_spiral
D:2:      layout_basic
D:3:      layout_loops_corners, general_overflow_altar, elyvilon_altar_4
D:4:      layout_loops_corners, minmay_temple_entry_poolview,
          amcnicky_mini_corridor_feature, bloody_trog
D:5:      layout_basic, lemuel_doored_altar, chequers_ossuary_entry_cave,
          chequers_decorated_corner, nicolae_ru_the_path_less_chosen
D:6:      layout_basic, palyth_stone_intersect, minmay_pentangle, uniq_menkaure
D:7:      layout_cave_pools, evilmike_ruin_ashenzari,
          nicolae_overflow_hidden_temple, serial_shops, kennysheep_mini_moat
Temple:   minmay_crystal_spiral_temple

Skill      XL: |  1  2  3  4  5  6  7  8 |
---------------+-------------------------+-----
Conjurations   | 2 3 4 |  4.9
Spellcasting   | 4 5 7 |  7.2
Stealth        | 3 4 5 |  5.1
Dodging        | 3 4 |  4.2
Summonings     | 2 3 5 |  5.6
Fighting       | 1 |  1.9
Translocations | |  0.7

Action                   |  1- 3 |  4- 6 |  7- 9 || total
-------------------------+-------+-------+-------++-------
Melee: Dagger            |    19 |    49 |    38 ||   106
       Kick              |     4 |    11 |    18 ||    33
       Peck              |     2 |     4 |     9 ||    15
       Short sword       |       |       |    47 ||    47
 Cast: Magic Dart        |    68 |    79 |    57 ||   204
       Call Imp          |     3 |    14 |    34 ||    51
  Use: Scroll            |     4 |     1 |     3 ||     8
       Potion            |       |     3 |     1 ||     4
 Stab: Sleeping          |     5 |     3 |     3 ||    11
       Distracted        |       |       |     1 ||     1
Armor: Robe              |     1 |     6 |    13 ||    20
Dodge: Dodged            |    14 |    43 |    65 ||   122
